 Dungeon Crawl Stone Soup version 0.31-a0-931-g7b59d4eb97 (webtiles) character file.

Game seed: 1509817086903000293

3107 BinkBink the Ruffian (level 9, 0/92 HPs)
             Began as a Troll Monk on Oct 19, 2023.
             Shot with an arrow by a gnoll (7 damage)
             ... on level 6 of the Dungeon.
             The game lasted 00:07:29 (4808 turns).

BinkBink the Ruffian (Troll Monk)                   Turns: 4808, Time: 00:07:29

Health: 0/92       AC:  5    Str: 25    XL:     9   Next: 60%
Magic:  8/8        EV: 12    Int:  6    God:
Gold:   474        SH:  0    Dex: 12    Spells: 8/8 levels left

rFire   . .          .
                       - Unarmed
rCold   . . .        c - orb {light}
rNeg    . . .        a - +0 robe
rPois   .            (helmet restricted)
rElec   .            t - +0 cloak
rCorr   .            (gloves unavailable)
SInv    .            (boots unavailable)
Will    .....        (no amulet)
Stlth   +            (no ring)
HPRegen 1.15/turn    (no ring)
MPRegen 0.11/turn

%: no passive effects
@: glowing
A: large, unfitting armour, claws 3, regeneration 1, shaggy fur 1, tough skin 1
a: no special abilities


You were on level 6 of the Dungeon.
You visited 1 branch of the dungeon, and saw 6 of its levels.
You also visited: Ossuary.

You collected 474 gold pieces.

Inventory:

Armour
 a - a +0 robe (worn)
 c - an orb of light (worn)
 t - a +0 cloak (worn)
Jewellery
 s - a ring of magical power
Talismans
 y - a blade talisman
 A - a granite talisman
Wands
 d - a wand of acid (9)
 j - a wand of flame (24)
Scrolls
 g - 4 scrolls of blinking {unknown}
 h - 5 scrolls of teleportation {unknown}
 m - a scroll of enchant weapon {unknown}
 o - 2 scrolls of noise {unknown}
 r - a scroll of fear {unknown}
 u - 2 scrolls of revelation {unknown}
 w - a scroll of amnesia {unknown}
 x - a scroll of brand weapon {unknown}
 z - a scroll of identify
 B - a scroll of torment {unknown}
 C - a scroll of immolation {unknown}
Potions
 b - 2 potions of ambrosia
 e - 4 potions of curing
 f - 2 potions of might
 i - 2 potions of brilliance {unknown}
 k - a potion of heal wounds {unknown}
 l - 3 potions of lignification {unknown}
 n - 3 potions of cancellation {unknown}
 p - 3 potions of mutation
 q - 3 potions of haste
 v - a potion of attraction {unknown}


   Skills:
 + Level 6.6 Fighting
 + Level 6.6 Dodging
 + Level 7.9 Unarmed Combat
 + Level 3.9 Shapeshifting


You had 8 spell levels left.
You didn't know any spells.
Your spell library contained the following spells:

 Spells                   Type           Power      Damage    Failure   Level
 Cigotuvi's Dreadful Rot  Necr/Pois/Air  0%         N/A       58%         2
 Hailstorm                Conj/Ice       0%         3d3       83%         3
 Ignite Poison            Fire/Tmut/Pois 0%         N/A       83%         3
 Summon Guardian Golem    Hex/Summ       0%         N/A       83%         3
 Summon Ice Beast         Ice/Summ       0%         N/A       99%         4
 Freezing Cloud           Conj/Ice/Air   0%         6-21      100%        5
 Simulacrum               Ice/Necr       0%         N/A       100%        6
 Orb of Destruction       Conj           0%         9d5       100%        7
 Spellforged Servitor     Conj/Summ      0%         N/A       100%        7


Dungeon Overview and Level Annotations

Branches:
Dungeon (6/15)            Ossuary (visited)
 Temple: D:4-7

Altars:
Gozag
Makhleb
Ru
Vehumet

Shops:
D:1 (   D:3 (

Annotations:
D:3 1 runed translucent door, Crazy Yiuf


Innate Abilities, Weirdness & Mutations

You are too large for most types of armour.
You have claws for hands.
Your natural rate of healing is unusually fast.
You are covered in fur. (AC +1)
You have tough skin. (AC +1)


Message History

You barely miss the kobold brigand.
The kobold brigand hits you with a +0 whip!
You claw the kobold brigand!
The kobold brigand is heavily wounded.
The kobold brigand barely misses you.
You claw the kobold brigand!
The kobold brigand is almost dead.
The kobold brigand hits you from afar with a +0 spear.
The kobold brigand hits you with a +0 whip.
You mangle the kobold brigand!!
You kill the kobold brigand!
The gnoll shoots an arrow.
The arrow hits you. The kobold brigand barely misses you.
The gnoll shoots an arrow.
The arrow closely misses you.
The kobold brigand attacks as it pursues you!
The kobold brigand misses you. The kobold brigand barely misses you.
You claw the kobold brigand!
The kobold brigand is moderately wounded.
The kobold brigand hits you with a +0 spear!
You scratch the kobold brigand.
The kobold brigand is severely wounded.
You mangle the kobold brigand!!
You kill the kobold brigand!
You barely miss the ogre.
The ogre hits you with a +0 giant spiked club!!
You mangle the ogre!!
The ogre is severely wounded.
You scratch the ogre.
The ogre is severely wounded.
The ogre hits you with a +0 giant spiked club!!
* * * LOW HITPOINT WARNING * * *
You claw the ogre!
You kill the ogre!
The gnoll shoots an arrow.
The arrow hits you.
* * * LOW HITPOINT WARNING * * *
You claw the orc!
You kill the orc!
The gnoll shoots an arrow.
The arrow hits you!
You die...

######....>...
..g...... #.#######
#Og...... ###.# #K#
#...# #4#
###)########## #K#
#.............###o#
#.#.........#..##.#
#.....#.#....#.##.#
#...#.....#....@)g#
#......#......###.#
#..#.#...#.#..# #.#
#......_......###.#
#..#.#...#.#..#...#
#......#......#####
#..(#.....#...#
##....#.#....##
##.........##


You could see a gnoll.

Vanquished Creatures
  A kobold demonologist (D:6)
  Menkaure (D:4)
  A warg (D:6)
  An ice beast (D:4)
  An orc warrior (D:6)
  5 ogres (D:6)
  A black bear (D:4)
  2 phantoms
  2 kobold brigands (D:6)
  2 scorpions
  8 howler monkeys (D:6)
  4 orc priests
  3 jellies
  9 hounds
  3 gnoll boudas
  5 iguanas
  A sleepcap (D:5)
  3 orc wizards
  8 mummies (Ossuary)
  11 gnolls
  7 adders
  A shadow imp (D:6)
  2 white imps
  A dart slug (D:4)
  18 orcs
  8 ball pythons
  6 endoplasms
  A giant cockroach (D:3)
  2 gnoll zombies (Ossuary)
  8 hobgoblins
  3 jackals (D:1)
  3 kobolds
  2 quokkas (D:2)
  2 bats
  4 frilled lizards
  6 goblins
  A hobgoblin zombie (Ossuary)
  A kobold zombie (Ossuary)
  4 orc zombies (Ossuary)
  7 rats
159 creatures vanquished.

Notes
Turn   | Place    | Note
-------+----------+-------------------------------------------
     0 | D:1      | BinkBink the Troll Monk began the quest for the Orb.
     0 | D:1      | Reached XP level 1. HP: 22/22 MP: 0/0
   150 | D:1      | Reached XP level 2. HP: 29/29 MP: 1/1
   359 | D:1      | Found Irar's Weapon Shoppe.
   472 | D:1      | Reached XP level 3. HP: 27/36 MP: 2/2
  1065 | D:2      | Reached XP level 4. HP: 32/45 MP: 3/3
  1322 | D:3      | Found a sacrificial altar of Ru.
  1348 | D:3      | Found a burning altar of Makhleb.
  1649 | D:3      | Found Coilles's Antique Weapon Shop.
  1691 | D:3      | Reached skill level 4 in Unarmed Combat
  2008 | D:3      | Found a runed translucent door.
  2009 | D:3      | Noticed Crazy Yiuf
  2058 | D:4      | Found a sand-covered staircase.
  2065 | Ossuary  | Entered an ossuary
  2096 | Ossuary  | Reached XP level 5. HP: 53/53 MP: 4/4
  2404 | D:4      | Reached XP level 6. HP: 57/62 MP: 5/5
  2495 | D:4      | Noticed an ice beast
  2507 | D:4      | Killed an ice beast
  2508 | D:4      | Reached skill level 5 in Unarmed Combat
  2710 | D:4      | Reached XP level 7. HP: 71/71 MP: 6/6
  2818 | D:4      | Noticed Menkaure
  3049 | D:4      | Killed Menkaure
  3177 | D:5      | Entered Level 5 of the Dungeon
  3291 | D:5      | Reached skill level 5 in Fighting
  3387 | D:5      | Reached skill level 5 in Dodging
  3387 | D:5      | Reached skill level 6 in Unarmed Combat
  3559 | D:5      | Reached XP level 8. HP: 80/80 MP: 7/7
  3559 | D:5      | Found an opulent altar of Gozag.
  4221 | D:6      | Reached skill level 1 in Shapeshifting
  4449 | D:6      | Reached skill level 7 in Unarmed Combat
  4649 | D:6      | Reached XP level 9. HP: 75/89 MP: 8/8
  4675 | D:6      | Found a radiant altar of Vehumet.
  4762 | D:6      | Noticed a kobold demonologist
  4771 | D:6      | Noticed a rust devil
  4794 | D:6      | Killed a kobold demonologist
  4808 | D:6      | Shot with an arrow by a gnoll

Illustrated notes

Levels and vault maps discovered:
D:1:      dpeg_arrival_houses_and_road, layout_basic, serial_shops, shop,
          solitary_fountain, minmay_misc_feat_x
D:2:      layout_loops_ring
D:3:      layout_loops_cross, lemuel_round_altar, mainiacjoe_overflow_24_doors,
          serial_shops, nicolae_diamond_shop, uniq_crazy_yiuf_cottage
D:4:      layout_basic, lightli_ossuary_entry_decrepit_ruins,
          kennysheep_generic_room_7, uniq_menkaure
D:5:      layout_gridville, nicolae_gozag_cash_rules_everything_around_me
D:6:      lemuel_castle_with_subvaults [lemuel_castle_interior_original],
          layout_basic, nicolae_vehumet_radiance

Skill      XL: |  1  2  3  4  5  6  7  8  9 |
---------------+----------------------------+-----
Fighting       | 3 4 5 6 |  6.6
Dodging        | 3 4 5 6 |  6.6
Unarmed Combat | 4 5 6 7 |  7.9
Shapeshifting  | 2 3 |  3.9

Action                     |  1- 3 |  4- 6 |  7- 9 || total
---------------------------+-------+-------+-------++-------
  Melee: Unarmed           |    76 |   103 |   205 ||   384
    Use: Scroll            |       |       |     4 ||     4
 Armour: Robe              |    39 |    46 |    99 ||   184
  Dodge: Dodged            |    28 |    41 |    95 ||   164

Table legend: (Time is in decaauts)
 A = Elapsed time spent in this place.
 B = Non-inter-level travel time spent in this place.
 C = Inter-level travel time spent in this place.
 D = Time resting spent in this place.
 E = Time spent auto-exploring this place.
 F = Levels seen in this place.
 G = Mean time per level.
                   A        B        C        D        E       F      G
               +--------+--------+--------+--------+--------+-----+--------+
         Total |   4770 |   4559 |    211 |    341 |   3279 |   7 |  681.4 |
       Dungeon |   4509 |   4298 |    211 |    315 |   3156 |   6 |  751.5 |
       Ossuary |    260 |    260 |      0 |     26 |    123 |   1 |  260.0 |
               +--------+--------+--------+--------+--------+-----+--------+

Top non-repeatable levels by time:
     D:5: 983 daAuts
     D:3: 959 daAuts
     D:1: 712 daAuts
     D:4: 636 daAuts
     D:6: 625 daAuts
     D:2: 593 daAuts
 Ossuary: 260 daAuts
